 Dungeon Crawl Stone Soup version 0.12.2-12-gd1dd697 (webtiles) character file.

226 Neuromancer the Cudgeler (level 4, 0/41 HPs)
             Began as an Ogre Arcane Marksman on July 17, 2013.
             Killed from afar by an orc wizard (3 damage)
             ... with a puff of flame
             ... on Level 3 of the Dungeon.
             The game lasted 00:06:49 (1540 turns).

Neuromancer the Cudgeler (Ogre Arcane Marksman)     Turns: 1540, Time: 00:06:50

HP   0/41        AC  6     Str 16      XL: 4   Next: 21%
MP   6/6         EV  9     Int 13      God:
Gold 156         SH  2     Dex  8 (9)  Spells:  1 memorised,  6 levels left

Res.Fire  : . . .   See Invis. : .   k - +1,+0 whip
Res.Cold  : . . .   Warding    : .   a - +0 robe
Life Prot.: . . .   Conserve   : .   (shield restricted)
Res.Poison: .       Res.Corr.  : .   (helmet restricted)
Res.Elec. : .       Clarity    : .   q - +0 cloak
Sust.Abil.: . .     Spirit.Shd : .   (gloves unavailable)
Res.Mut.  : .       Stasis     : .   (boots unavailable)
Res.Rott. : .       Ctrl.Telep.: .   p - amulet of faith {unknown}
Saprovore : + . .   Flight     : .   (no ring)
                                     (no ring)

@: slightly resistant to hostile enchantments, very unstealthy
A: unfitting armour, horns 1, carnivore 1, fast metabolism 1, saprovore 1, tough
skin 1, AC +2, SH +2
a: no special abilities


You were on level 3 of the Dungeon.
You were hungry.

You visited 1 branch of the dungeon, and saw 3 of its levels.

You collected 106 gold pieces.

Inventory:

Hand weapons
 k - a +1,+0 whip (weapon)
Missiles
 c - 2 throwing nets (quivered)
Armour
 a - a +0 robe (worn)
 q - a +0 cloak (worn)
Comestibles
 f - 2 meat rations
Scrolls
 i - a scroll of remove curse
Jewellery
 p - an amulet of faith (around neck) {unknown}
Books
 d - a book of Debilitation

   Spells                             Type                      Level
   *Corona                            Hexes                        1
   Slow                               Hexes                        2
   Inner Flame                        Hexes/Fire                   3
   Enslavement                        Hexes                        4
   Cause Fear                         Hexes                        4
   Leda's Liquefaction                Hexes/Earth                  4


   Skills:
 - Level 1.3 Fighting
 + Level 4.6 Maces & Flails
 - Level 2.3 Throwing
 - Level 1.9 Dodging
 - Level 2.4 Spellcasting
 - Level 2.2 Hexes


You had 6 spell levels left.
You knew the following spells:

 Your Spells              Type           Power        Failure   Level  Hunger
a - Corona                Hex            ##......     12%         1    #......


Dungeon Overview and Level Annotations

Branches:
Dungeon (3/27)

Altars:


Innate Abilities, Weirdness & Mutations

You are too large for most types of armour.
You have a fast metabolism.
You can tolerate rotten meat.
You have tough skin (AC +1).
You have a pair of small horns on your head.
You are partially covered in large bone plates (AC +2, SH +2).
Your digestive system is specialised to digest meat.


Message History

* * * LOW HITPOINT WARNING * * *
It hits you but does no damage. The gnoll completely misses you.
It hits you but does no damage.
You hear some strange, mumbled words.
A puff of flame appears from out of thin air!
The puff of flame misses you.
You feel a wave of unholy energy pass over you.
A jackal comes into view.
The jackal barks!
You hear some strange, mumbled words.
A puff of flame appears from out of thin air!
The puff of flame hits you!
* * * LOW HITPOINT WARNING * * *
As you read the scroll labeled NONEH SATITE, it crumbles to dust.
The scroll dissolves into smoke.
It was a scroll of fog.
It hits you but does no damage.
The jackal pauses to sniff the ground.
You hear some strange, mumbled words.
The puff of flame hits you!
You die...

#.#....... #.#.######
##oo#.##
####..###.####
######### #g...##
##.... ###.......#
#g##{.###.#.##
#.......#.#
#.###..#.##.#
#...##..#.#########§#
#.#.## .#
#.#.###....h.§h@§{g.#
#.### .#
#.##....#############
#.# .# ##...###.# #.#
.# #...#.#..# #.# .#
#........# ... .
#...(.(..# #.#
#######.########.#
#.# #..........#
#..#########


You could see a jackal.

Vanquished Creatures
  2 gnolls
  A giant mite (D:1)
  9 bats
  A giant cockroach (D:2)
  6 goblins
  6 hobgoblins
  6 jackals (D:2)
  6 giant newts
  6 kobolds
  7 rats
50 creatures vanquished.

Notes
Turn   | Place    | Note
--------------------------------------------------------------
     0 | D:1      | Neuromancer, the Ogre Arcane Marksman, began the quest for the Orb.
     0 | D:1      | Reached XP level 1. HP: 19/19 MP: 1/1
   130 | D:1      | Reached skill level 1 in Maces & Flails
   130 | D:1      | Reached XP level 2. HP: 25/27 MP: 3/3
   422 | D:1      | Reached XP level 3. HP: 26/33 MP: 4/4
   426 | D:1      | Reached skill level 3 in Maces & Flails
  1082 | D:2      | Reached skill level 4 in Maces & Flails
  1159 | D:2      | Gained mutation: Your digestive system is specialised to digest meat. [potion of mutation]
  1159 | D:2      | Gained mutation: You are partially covered in large bone plates (AC +2, SH +2). [potion of mutation]
  1159 | D:2      | Gained mutation: You have a pair of small horns on your head. [potion of mutation]
  1429 | D:3      | Reached XP level 4. HP: 36/41 MP: 6/6
  1540 | D:3      | Killed from afar by an orc wizard

Action                   |  1- 3 |  4- 6 || total
-------------------------+-------+-------++-------
Melee: Unarmed           |    16 |       ||    16
       Club              |    12 |       ||    12
       Whip              |   163 |    16 ||   179
Throw: Large rock        |     5 |     4 ||     9
       Javelin           |       |     2 ||     2
 Cast: Corona            |       |     2 ||     2
  Use: Potion            |     4 |       ||     4
       Scroll            |     3 |     1 ||     4
 Stab: Sleeping          |     1 |       ||     1
